 Dungeon Crawl Stone Soup version 0.19-a0-1193-g2641e52 (webtiles) character file.

449118 nubinia the Archmage (level 23, -2/115 HPs)
             Began as a Deep Elf Conjurer on Aug 2, 2016.
             Was the Champion of Sif Muna.
             Slain by a spriggan berserker
             ... wielding a +0 hand axe
              (13 damage)
             ... on level 4 of the Depths on Aug 19, 2016.
             The game lasted 13:03:57 (78308 turns).

nubinia the Archmage (Deep Elf Conjurer)           Turns: 78308, Time: 13:03:58

Health: -2/115     AC: 16    Str:  5    XL:     23   Next: 16%
Magic:  4/56       EV: 28    Int: 29    God:    Sif Muna [******]
Gold:   1266       SH: 11    Dex: 28    Spells: 20 memorised, 4 levels left

rFire  + . .     SeeInvis .     a - +9 dagger (protect)
rCold  + . .     Gourm    +     K - +2 robe {rC+ rF+}
rNeg   + + +     Faith    .     B - +1 shield {rN+}
rPois  .         Spirit   .     o - +0 hat
rElec  .         Dismiss  .     g - +0 cloak
rCorr  .         Reflect  .     G - +0 pair of gloves of Fashionability {rN+ Int+2}
MR     +++..     Harm     .     k - +2 pair of boots {run}
Stlth  ++++++.... Clarity  +    W - amulet of the gourmand
                                l - ring "Wacergh" {rN+ Dex+7 Stlth+}
                                n - +5 ring of evasion

@: deflect missiles, divine energy, quick
A: antennae 1, yellow scales 1, agile 1, clarity, magic resistance 1
a: Stop Divine Energy, Channel Magic, Forget Spell, Renounce Religion
}: 2/15 runes: barnacled, gossamer


You were on level 4 of the Depths.
You worshipped Sif Muna.
Sif Muna was exalted by your worship.
You were not hungry.

You visited 10 branches of the dungeon, and saw 44 of its levels.
You visited 1 bazaar.
You also visited: Bailey and Ice Cave.

You collected 6135 gold pieces.
You spent 4869 gold pieces at shops.

Inventory:

Hand Weapons
 a - a +9 dagger of protection (weapon)
 b - the +9 hunting sling "Houth" {flame, Str+4 Stlth+}
   (You found it on level 3 of the Shoals)

   It causes projectiles fired from it to burn those they strike, causing extra
   injury to most foes and up to half again as much damage against particularly
   susceptible opponents.
   It affects your strength (+4).
   It makes you more stealthy.
 q - the +6 long sword of the Lonely Mice {slice, rElec rN+ Int-3 Dex+4}
   (You took it off a centaur warrior on level 1 of the Vaults)

   It inflicts extra damage upon your enemies.
   It affects your intelligence (-3).
   It affects your dexterity (+4).
   It insulates you from electricity.
   It protects you from negative energy.
 O - the +7 spear "Tiagin" {drain, rC++ rN+}
   (You found it on level 2 of the Depths)

   A truly terrible weapon, it drains the life of those it strikes.
   It greatly protects you from cold.
   It protects you from negative energy.
Missiles
 Y - 278 sling bullets
Armour
 g - a +0 cloak (worn)
 k - a +2 pair of boots of running (worn)
 o - a +0 hat (worn)
 B - a +1 shield of positive energy (worn)
 G - the +0 pair of gloves of Fashionability (worn) {rN+ Int+2}
   (You found it on level 3 of the Vaults)

   It affects your intelligence (+2).
   It protects you from negative energy.
 K - a +2 robe of resistance (worn)
Jewellery
 c - the ring "Vesuvyo" {rElec rN+ MR+ Str+2 Stlth+}
   (You took it off a vampire mage on level 3 of the Crypt)

   [ring of positive energy]

   It affects your strength (+2).
   It insulates you from electricity.
   It protects you from negative energy.
   It affects your resistance to hostile enchantments.
   It makes you more stealthy.
 e - the ring of the Mage {Wiz MR++ Int+3}
   (You found it on level 4 of the Shoals)

   [ring of wizardry]

   It improves your spell success rate.
   It affects your intelligence (+3).
   It affects your resistance to hostile enchantments.
 l - the ring "Wacergh" (right hand) {rN+ Dex+7 Stlth+}
   (You found it on level 3 of the Crypt)

   [ring of positive energy]

   It affects your dexterity (+7).
   It protects you from negative energy.
   It makes you more stealthy.
 n - a +5 ring of evasion (left hand)
 p - an uncursed ring of magical power
 s - an uncursed ring of see invisible
 E - a +6 amulet of reflection
 H - the amulet of Puf Opi {Faith rElec Int+3}
   (You bought it in a shop on level 1 of the Depths)

   [amulet of faith]

   It allows you to gain divine favour quickly.
   It affects your intelligence (+3).
   It insulates you from electricity.
 I - the ring of Mofujyos {rPois Int+4 Slay-3 Stlth-}
   (You bought it in a shop on level 1 of the Depths)

   [ring of loudness]

   It affects your intelligence (+4).
   It affects your accuracy and damage with ranged weapons and melee attacks
   (-3).
   It protects you from poison.
   It makes you less stealthy.
 J - an uncursed amulet of magic regeneration
 T - an uncursed amulet of dismissal
 W - an amulet of the gourmand (around neck)
Wands
 D - a wand of iceblast (5/15)
 L - a wand of lightning (1/15)
 Z - a wand of disintegration (7/24)
Scrolls
 f - 4 scrolls of recharging
 h - 14 scrolls of remove curse
 i - 4 scrolls of blinking
 m - 4 scrolls of teleportation
 w - 9 scrolls of magic mapping
 x - 4 scrolls of identify
 F - 2 scrolls of enchant armour
 N - 2 scrolls of fog
 Q - a scroll of fear
Potions
 d - 3 potions of cancellation
 j - 4 potions of haste
 r - 11 potions of curing
 t - 8 potions of ambrosia
 u - 6 potions of agility
 A - 3 potions of resistance
 C - 8 potions of flight
 P - 3 potions of heal wounds
 R - 3 potions of magic
 S - 2 potions of berserk rage
Books
 M - a book of Necromancy

   Spells                             Type                      Level
   a - Pain                           Necromancy                   1
   b - Animate Skeleton               Necromancy                   1
   c - Vampiric Draining              Necromancy                   3
   d - Regeneration                   Charms/Necromancy            3
   e - Animate Dead                   Necromancy                   4
   f - Control Undead                 Necromancy                   4
 U - a book of Beasts

   Spells                             Type                      Level
   a - Summon Butterflies             Summoning                    1
   b - Call Canine Familiar           Summoning                    3
   c - Summon Ice Beast               Ice/Summoning                4
   d - Summon Mana Viper              Hexes/Summoning              5
   e - Summon Hydra                   Summoning                    7
Miscellaneous
 y - a lamp of fire
 z - 3 phantom mirrors
 V - 2 sacks of spiders
Comestibles
 v - 40 fruits


   Skills:
 + Level 3.2 Fighting
 + Level 3.3 Short Blades
 + Level 6.0(6.2) Slings
 + Level 2.2(5.1) Throwing
 + Level 12.0 Dodging
 + Level 9.3 Stealth
 + Level 6.0 Shields
 O Level 27 Spellcasting
 + Level 21.0 Conjurations
 + Level 13.6 Hexes
 + Level 17.0 Charms
 + Level 7.5 Summonings
 - Level 14.0 Necromancy
 + Level 10.6 Translocations
 + Level 7.9 Fire Magic
 + Level 4.8 Air Magic
 + Level 5.7 Invocations
 + Level 2.0 Evocations


You had 4 spell levels left.
You knew the following spells:

 Your Spells              Type           Power        Failure   Level  Hunger
a - Magic Dart            Conj           ####         0%          1    None
b - Dazzling Spray        Conj/Hex       ######       0%          3    None
c - Iskenderun's Mystic   Conj           ########     0%          4    None
d - Bolt of Draining      Conj/Necr      #######...   1%          5    None
e - Swiftness             Chrm/Air       #######.     1%          2    None
f - Force Lance           Conj/Tloc      #######.     1%          4    None
g - Shroud of Golubria    Chrm/Tloc      #######...   0%          2    None
h - Lightning Bolt        Conj/Air       #######...   1%          5    None
i - Iskenderun's Battles  Conj/Chrm      #######.     1%          5    None
j - Invisibility          Hex            #######.     1%          6    None
k - Deflect Missiles      Chrm/Air       #######...   4%          6    None
l - Sticky Flame          Conj/Fire      #######.     1%          4    None
m - Apportation           Tloc           #######...   1%          1    None
n - Fireball              Conj/Fire      #######...   1%          5    None
o - Summon Lightning Spi  Summ/Air       ######..     1%          4    None
q - Mephitic Cloud        Conj/Pois/Air  ######..     1%          3    None
C - Control Undead        Necr           #######...   1%          4    None
D - Animate Dead          Necr           N/A          1%          4    None
R - Regeneration          Chrm/Necr      #######...   0%          3    None
S - Animate Skeleton      Necr           N/A          0%          1    None


Dungeon Overview and Level Annotations

Branches:
Dungeon (15/15)            Temple (1/1) D:7            Lair (6/6) D:11
 Shoals (4/4) Lair:2       Spider (4/4) Lair:4        Slime (0/5) Lair:6
    Orc (2/2) D:11            Elf (2/3) Orc:2        Vaults (3/5) D:14
  Crypt (3/3) Vaults:3       Tomb (0/3) Crypt:3      Depths (4/5) D:15

Altars:
Ashenzari
Dithmenos
Elyvilon
Fedhas
Gozag
Hepliaklqana
Kikubaaqudgha
Makhleb
Nemelex Xobeh
Okawaru
Ru
Sif Muna
Uskayaw
Vehumet
Yredelemnul
Zin
The Shining One
Jiyva
Lugonu

Shops:
D:4 !   D:7 (   D:12 !   D:13 }(   D:15 :[%?=   Orc:1 !   Orc:2 =*[(   Elf:1 [
Shoals:1 [(   Shoals:4 [(![   Vaults:2 :   Depths:1 *

Portals:
Hell: Depths:1 Depths:2 Depths:3 Depths:4
Abyss: Depths:1 Depths:3
Pandemonium: Depths:2 Depths:3
Ziggurat: Depths:1

Annotations:
Elf:2 Asterion


Innate Abilities, Weirdness & Mutations

You have a pair of small antennae on your head.
You are partially covered in yellow scales. (AC +2)
You are agile. (Dex +2)
You possess an exceptional clarity of mind.
You are resistant to hostile enchantments. (MR+)


Message History

You block the cyan very ugly thing's attack.
You hit the cyan very ugly thing.
The cyan very ugly thing is almost dead.
The cyan very ugly thing tentacle-slaps you!
The cyan very ugly thing shocks you!!
You hit the cyan very ugly thing but do no damage.
The cyan very ugly thing is almost dead.
Your flayed ghost stares at the cyan very ugly thing with tortured malice.
The cyan very ugly thing misses you.
A spriggan berserker comes into view. It is wielding a hand axe.
Your flayed ghost completely misses the cyan very ugly thing.
Your flayed ghost stares at the cyan very ugly thing with tortured malice.
The flayed ghost is no longer charmed.
You regain access to your magic.
The spriggan berserker mumbles some strange prayers to Trog.
The death yak goes berserk!
The death yak gores you!!
* * * LOW HITPOINT WARNING * * *
The spriggan berserker hits you with a hand axe!
You die...

# #......#...###...# #
#......#.........# #
#......#..<......# #
#......#.........# #
+.....∩#.........#
########+##......#...).....#
..).)()(.(.......#.........#
...†..†..........'.........#
.......(.......Y@#...###...#
...........W..ui.#...# #...#
......).....>....#.........#
#########'##.....#.....)...#
...........#.....#.........#
...........#.....#.......
...........#.....#.......
...........#.....#
############.....#


You could see a cyan very ugly thing, a death yak (berserk), a flayed ghost and
a spriggan berserker.

Vanquished Creatures
  An ancient lich (Crypt:3)
  Saint Roka (Vaults:3)
  Bai Suzhen (Depths:1)
  A profane servitor (Crypt:3)
  Arachne (Spider:4)
  A bone dragon (Crypt:3)
  Jorgrun (Spider:2)
  3 titans (Depths:3)
  A lich (Crypt:3)
  Polyphemus (Shoals:3)
  A quicksilver dragon (Depths:2)
  4 krakens
  Ilsuiw (Shoals:4)
  5 ancient champions
  Agnes (Spider:3)
  Donald (Shoals:1)
  7 storm dragons (Depths:3)
  Roxanne (Elf:2)
  3 revenants
  5 frost giants
  6 fire giants
  2 deep elf sorcerers
  8 vault wardens
  9 emperor scorpions
  A balrug (Depths:3)
  4 ghost moths
  A ghoul (Crypt:3)
  An orc warlord (Orc:1)
  A caustic shrike skeleton (Crypt:2)
  7 entropy weavers
  3 very ugly things
  10 stone giants
  2 deep elf demonologists
  7 ironheart preservers
  2 vampire knights
  Nessos (D:12)
  A dire elephant (D:15)
  2 spark wasps
  6 ettins
  12 merfolk javelineers
  3 deep elf death magi
  An eidolon (Crypt:2)
  9 merfolk impalers
  A crystal guardian (Vaults:2)
  19 jiangshi
  5 fire dragons
  4 yaktaur captains
  7 ogre magi
  5 vault guards
  A rakshasa (Depths:2)
  A catoblepas (Shoals:3)
  14 hydras
  A hell beast (Depths:2)
  Harold (D:12)
  5 great orbs of eyes
  A spriggan air mage (Depths:3)
  5 ice dragons
  12 centaur warriors
  2 merfolk aquamancers
  2 alligator snapping turtles (Shoals:3)
  3 death knights
  2 satyrs (Shoals:3)
  2 merfolk avatars
  6 dancing weapons
  2 deep troll shamans
  2 deep troll earth magi (Vaults:2)
  14 death yaks
  A queen ant (Spider:2)
  2 tengu warriors (D:15)
  4 vampire magi
  5 orc high priests (Orc:2)
  A soul eater (Depths:2)
  3 hell knights (Depths:3)
  Sonja (Lair:1)
  An iron giant skeleton (Crypt:2)
  11 deep elf knights
  Nergalle (D:12)
  4 shadow wraiths
  19 skeletal warriors
  A titan skeleton (Crypt:3)
  A golden dragon zombie (Crypt:3)
  A wizard (Vaults:3)
  13 sea snakes
  3 giant orange brains
  7 flayed ghosts
  A quicksilver dragon simulacrum (Crypt:2)
  5 deep trolls
  28 harpies
  13 ironbrand convokers
  11 phantasmal warriors
  4 hill giants
  19 orc knights
  14 deep elf archers
  A wolf spider zombie (Crypt:3)
  The ghost of Shenda the Slasher, a novice FoFi of Okawaru (D:3)
  A spectral wolf spider (Crypt:3)
  15 orb spiders
  7 necromancers
  A lindwurm (Lair:4)
  5 orc sorcerers
  2 salamanders
  2 harpies (shapeshifter)
  13 hornets
  A frost giant zombie (Crypt:1)
  49 wolf spiders
  9 elephants (Lair:4)
  36 deep elf magi
  14 griffons
  2 moths of wrath (Spider:4)
  26 ugly things
  19 fauns
  18 cyclopes
  5 manticores
  6 sirens
  8 water nymphs
  8 vault sentinels
  An orange demon (Depths:3)
  10 spiny frogs
  A fire giant skeleton (Crypt:2)
  An ice statue (IceCv)
  2 rust devils (Depths:3)
  The ghost of 4thArraOfDagon the Cleaver, a novice MiBe of Trog (D:7)
  2 smoke demons
  A gargoyle (D:14)
  2 spectral iron trolls (Crypt:1)
  A titan simulacrum (Crypt:3)
  7 black mambas
  A dire elephant skeleton (Crypt:1)
  A torpor snail (Lair:6)
  18 freezing wraiths
  15 demonic crawlers
  2 rime drakes
  19 yaktaurs
  A tengu conjurer (D:13)
  6 komodo dragons
  An entropy weaver simulacrum (Vaults:3)
  A merfolk (shapeshifter) (Vaults:1)
  A mottled draconian skeleton (Crypt:1)
  3 polar bears
  A spectral deep troll (Crypt:1)
  5 trolls
  29 merfolk
  A wind drake (shapeshifter) (Vaults:3)
  2 meliai (shapeshifter) (Vaults:3)
  A harpy zombie (Crypt:3)
  55 jumping spiders
  16 two-headed ogres
  A two-headed ogre (shapeshifter) (Vaults:1)
  17 slime creatures
  5 boulder beetles
  A raiju (shapeshifter) (Elf:2)
  4 wind drakes
  A snapping turtle (shapeshifter) (Vaults:3)
  6 snapping turtles
  28 blink frogs
  3 fire giant simulacra
  41 flying skulls
  An ice dragon zombie (Crypt:3)
  A meliai zombie (D:13)
  An ettin zombie (Crypt:3)
  5 shadows
  5 wyverns
  2 large abominations (Crypt:3)
  A ynoxinul (Depths:2)
  A tarantella (shapeshifter) (Depths:2)
  2 ettin skeletons
  13 water elementals
  96 redbacks
  8 air elementals
  39 tarantellas
  A vampire (D:13)
  3 fire bats (Depths:2)
  8 wraiths
  A fire elemental (Depths:2)
  3 hungry ghosts
  14 spriggans (Lair:6)
  A black mamba skeleton (Crypt:1)
  46 yaks
  7 basilisks
  9 hippogriffs
  A chaos spawn (Depths:3)
  15 humans
  4 vampire mosquitoes (D:12)
  Menkaure (D:7)
  A warg (shapeshifter) (Vaults:3)
  6 mottled dragons
  7 wargs
  A faun zombie (Crypt:1)
  25 soldier ants
  A swamp worm (shapeshifter) (Vaults:3)
  14 water moccasins
  5 porcupines
  An orb spider zombie (Crypt:2)
  60 orc warriors
  4 black bears
  12 ice beasts
  2 sky beasts
  3 necrophages (Crypt:3)
  31 ogres
  5 wasps
  2 eyes of draining (D:14)
  An alligator simulacrum (IceCv)
  9 boggarts
  A manticore zombie (Crypt:1)
  An eye of draining (shapeshifter) (Depths:1)
  A phantom (D:4)
  21 centaurs
  An elf skeleton (Vaults:1)
  27 wolves
  12 crocodiles
  A yaktaur zombie (Crypt:1)
  7 big kobolds
  19 giant frogs
  A wyvern zombie (D:12)
  A rime drake skeleton (Crypt:1)
  A human skeleton (Vaults:3)
  2 earth elementals (Elf:2)
  A wyvern skeleton (D:11)
  An elf simulacrum (Vaults:1)
  2 scorpions
  3 killer bees (D:8)
  23 wights
  9 howler monkeys
  7 electric eels
  9 crimson imps
  8 quasits
  2 draconian simulacra (IceCv)
  3 centaur skeletons
  3 centaur zombies
  10 hounds
  A jelly (D:10)
  31 orc priests
  An iron imp (Depths:3)
  15 iguanas
  52 orc wizards
  2 polar bear simulacra (IceCv)
  2 spriggan simulacra (IceCv)
  29 worker ants
  4 troll simulacra (IceCv)
  2 small abominations (Crypt:3)
  A wolf simulacrum (IceCv)
  47 sheep
  2 centaur simulacra (IceCv)
  A naga zombie (Crypt:3)
  A dwarf skeleton (Crypt:2)
  3 hound skeletons
  A worker ant zombie (D:7)
  3 gnolls
  4 ogre simulacra (IceCv)
  15 adders
  6 naga simulacra (IceCv)
  59 river rats
  8 shadow imps
  A steam dragon skeleton (Crypt:1)
  14 white imps
  An ufetubus (Depths:3)
  2 oozes
  4 worms
  A dart slug (D:2)
  7 giant geckos
  135 orcs
  A ball python (D:1)
  4 bats
  7 giant cockroaches
  17 goblins
  25 hobgoblins
  17 jackals
  61 kobolds
  6 quokkas
  A giant gecko skeleton (D:6)
  2 giant newts
  A jackal skeleton (D:7)
  A quokka skeleton (D:4)
  9 rats
  A fungus (Lair:5)
  3 plants
  6 tentacles
  A tentacle segment (Shoals:3)
2269 creatures vanquished.

Vanquished Creatures (collateral kills)
  A revenant (Crypt:2)
  A caustic shrike zombie (Crypt:2)
  A deep elf sorcerer (Vaults:3)
  Aizul (D:15)
  A reaper (Crypt:3)
  2 ironheart preservers
  A stone giant (Depths:1)
  3 very ugly things
  A vampire knight (Crypt:3)
  An entropy weaver (Vaults:1)
  3 ettins
  A deep elf death mage (Crypt:3)
  An ogre mage (Vaults:3)
  A merfolk impaler (Shoals:4)
  A yaktaur captain (Depths:3)
  3 jiangshi (Crypt:3)
  2 vault guards (Vaults:3)
  2 rakshasas
  An ice dragon (Depths:3)
  A great orb of eyes (D:15)
  2 death knights
  2 vampire magi (Crypt:3)
  A shadow wraith (Crypt:3)
  A soul eater (Depths:2)
  4 hell knights
  9 skeletal warriors
  4 deep trolls
  A hill giant (D:14)
  6 harpies
  2 necromancers
  2 wolf spiders
  A deep elf archer (Vaults:2)
  3 orc knights
  3 deep elf magi
  A manticore (Shoals:4)
  12 ugly things
  An orc sorcerer (Vaults:3)
  A cyclops (Vaults:2)
  A fire giant skeleton (Crypt:2)
  An iron dragon skeleton (Crypt:2)
  A spectral deep troll (Crypt:1)
  8 yaktaurs
  A freezing wraith (Vaults:3)
  A human skeleton (Vaults:3)
  2 jumping spiders
  A merfolk (Shoals:4)
  A troll (shapeshifter) (D:14)
  A troll (Vaults:3)
  A hydra zombie (Crypt:2)
  2 slime creatures (Depths:1)
  2 boulder beetles
  A human simulacrum (Vaults:2)
  8 flying skulls (Crypt:3)
  A tarantella (Vaults:3)
  2 redbacks
  2 wraiths (Crypt:3)
  A water elemental (Shoals:4)
  A yak (D:13)
  2 humans
  2 wargs (Vaults:3)
  6 orc warriors
  A necrophage (Crypt:3)
  8 ogres
  A centaur (Depths:2)
  A wyvern skeleton (Crypt:2)
  A scorpion (D:14)
  2 wights (D:15)
  A hound (D:14)
  2 orc priests (Vaults:3)
  5 sheep
  A tengu zombie (Crypt:2)
  A worker ant zombie (Crypt:2)
  2 shadow imps
  13 orcs
  6 plants
  A tentacle (Shoals:4)
180 creatures vanquished.

Vanquished Creatures (others)
  3 stone giants
  A merfolk javelineer (Shoals:4)
  A satyr (Shoals:3)
  2 centaur warriors
  A deep elf archer (Vaults:2)
  8 cyclopes
  3 fauns
  A manticore (Shoals:4)
  5 yaktaurs
  A jumping spider (Spider:4)
  A merfolk (Shoals:4)
  2 centaurs
  An orc (Vaults:3)
  A kobold (D:12)
  24 fungi
  40 plants
  40 tentacles
  1685 tentacle segments
1820 creatures vanquished.

Grand Total: 4269 creatures vanquished

Notes
Turn   | Place    | Note
-------+----------+-------------------------------------------
     0 | D:1      | nubinia the Deep Elf Conjurer began the quest for the Orb.
     0 | D:1      | Reached XP level 1. HP: 10/10 MP: 6/6
   187 | D:1      | Reached XP level 2. HP: 15/15 MP: 1/8
   360 | D:1      | Reached skill level 5 in Conjurations
   801 | D:1      | Reached XP level 3. HP: 19/19 MP: 6/10
  1073 | D:2      | Learned a level 3 spell: Dazzling Spray
  1705 | D:2      | Reached skill level 4 in Spellcasting
  1774 | D:2      | Reached XP level 4. HP: 21/24 MP: 6/12
  1907 | D:3      | Noticed Shenda's ghost (novice FoFi)
  3132 | D:4      | Learned a level 4 spell: Iskenderun's Mystic Blast
  3215 | D:4      | Found a shadowy altar of Dithmenos.
  3215 | D:4      | Found a shattered altar of Ashenzari.
  3215 | D:4      | Found an iron altar of Okawaru.
  3216 | D:4      | Found a burning altar of Makhleb.
  3216 | D:4      | Found a blossoming altar of Fedhas.
  3321 | D:4      | Reached XP level 5. HP: 15/28 MP: 4/14
  3461 | D:4      | Learned a level 5 spell: Iskenderun's Battlesphere
  3506 | D:4      | Reached skill level 1 in Charms
  3678 | D:4      | Noticed an ice beast
  4528 | D:4      | Noticed a phantom
  4544 | D:4      | Killed a phantom
  4544 | D:4      | Reached skill level 5 in Charms
  4544 | D:4      | Reached XP level 6. HP: 32/32 MP: 4/15
  4722 | D:4      | Found Ittalicw's Distillery.
  4730 | D:4      | Bought a potion of curing for 30 gold pieces
  4738 | D:4      | Reached skill level 5 in Spellcasting
  4769 | D:4      | Killed an ice beast
  4939 | D:4      | Reached XP level 7. HP: 36/36 MP: 12/17
  5000 | D:5      | Entered Level 5 of the Dungeon
  5420 | D:5      | Found a hazy altar of Hepliaklqana.
  5423 | D:5      | Found a basalt altar of Yredelemnul.
  5596 | D:5      | Reached skill level 6 in Spellcasting
  6159 | D:6      | Got a smoking flail
  6160 | D:6      | Identified the +5 flail "Kotsa" {flame, +Rage rF- Str+8} (You found it on level 6 of the Dungeon)
  6288 | D:6      | Reached skill level 7 in Spellcasting
  6379 | D:6      | Found an opulent altar of Gozag.
  6557 | D:6      | Identified a +1 rod of shadows (10/10) (You found it on level 6 of the Dungeon)
  6578 | D:6      | Reached XP level 8. HP: 41/41 MP: 7/20
  7028 | D:5      | Reached skill level 8 in Spellcasting
  7668 | D:7      | Reached skill level 9 in Spellcasting
  7675 | D:7      | Reached skill level 1 in Fighting
  7901 | D:7      | Found Aruxics's Antique Weapon Boutique.
  7906 | D:7      | Noticed 4thArraOfDagon's ghost (novice MiBe)
  8269 | D:7      | Noticed Menkaure
  8277 | D:7      | Killed Menkaure
  8277 | D:7      | Reached XP level 9. HP: 47/47 MP: 16/24
  8309 | D:7      | Killed 4thArraOfDagon's ghost
  8309 | D:7      | Reached skill level 1 in Short Blades
  8309 | D:7      | Reached skill level 10 in Spellcasting
  8595 | D:7      | Found a staircase to the Ecumenical Temple.
  8604 | Temple   | Entered the Ecumenical Temple
  8615 | Temple   | Became a worshipper of Sif Muna the Loreminder
  8661 | D:7      | Reached skill level 1 in Hexes
  9906 | D:8      | Reached * piety under Sif Muna
  9907 | D:8      | Reached skill level 11 in Spellcasting
 10050 | D:8      | Reached skill level 10 in Conjurations
 10558 | D:8      | Found a hide-covered altar of Uskayaw.
 10613 | D:8      | Reached XP level 10. HP: 52/52 MP: 18/27
 11473 | D:9      | You fall through a shaft!
 11473 | D:10     | Entered Level 10 of the Dungeon
 11477 | D:10     | Reached ** piety under Sif Muna
 11538 | D:10     | Found a flagged portal.
 11595 | Bailey   | Entered a bailey
 11606 | Bailey   | Noticed an orc knight
 11632 | Bailey   | Reached skill level 12 in Spellcasting
 11853 | Bailey   | Noticed an orc knight
 11857 | Bailey   | Killed an orc knight
 11949 | Bailey   | Killed an orc knight
 11949 | Bailey   | Reached skill level 1 in Throwing
 12861 | D:10     | Reached *** piety under Sif Muna
 13194 | D:10     | Reached skill level 5 in Hexes
 13595 | D:11     | Found a staircase to the Lair.
 13617 | D:11     | Reached skill level 5 in Dodging
 13824 | D:11     | Reached skill level 13 in Spellcasting
 13824 | D:11     | Reached XP level 11. HP: 57/57 MP: 19/30
 14649 | D:11     | Reached **** piety under Sif Muna
 15562 | Lair:1   | Entered Level 1 of the Lair of Beasts
 15583 | Lair:1   | Reached skill level 5 in Stealth
 15754 | Lair:1   | Reached skill level 14 in Spellcasting
 15843 | Lair:1   | Learned a level 2 spell: Repel Missiles
 15850 | Lair:1   | Learned a level 5 spell: Alistair's Intoxication
 16000 | Lair:1   | Noticed Sonja
 16003 | Lair:1   | Killed Sonja
 16005 | Lair:1   | Reached ***** piety under Sif Muna
 16007 | Lair:1   | Received a gift from Sif Muna
 16145 | Lair:1   | Identified Odwesk's Volume of Sinister Magic (Sif Muna gifted it to you on level 1 of the Lair of Beasts)
 16290 | Lair:1   | Noticed a four-headed hydra
 16295 | Lair:1   | Killed a four-headed hydra
 16356 | Lair:1   | Learned a level 2 spell: Swiftness
 16360 | Lair:1   | Learned a level 3 spell: Regeneration
 16798 | Lair:1   | Upgraded the game from 0.19-a0-1057-g15bb84d to 0.19-a0-1065-gdac414d
 16814 | Lair:1   | Reached skill level 10 in Charms
 16814 | Lair:1   | Reached XP level 12. HP: 62/62 MP: 23/32
 16841 | Lair:1   | Learned a level 1 spell: Apportation
 16864 | Lair:2   | Noticed an eight-headed hydra
 16872 | Lair:2   | Killed an eight-headed hydra
 16872 | Lair:2   | Reached skill level 1 in Necromancy
 16924 | Lair:2   | Learned a level 5 spell: Fireball
 16930 | Lair:2   | Learned a level 5 spell: Lightning Bolt
 16937 | Lair:2   | Learned a level 6 spell: Invisibility
 16977 | Lair:2   | Reached skill level 15 in Spellcasting
 17137 | Lair:2   | Noticed a seven-headed hydra
 17140 | Lair:2   | Killed a seven-headed hydra
 17166 | Lair:2   | Noticed a seven-headed hydra
 17173 | Lair:2   | Killed a seven-headed hydra
 17290 | Lair:2   | Found a staircase to the Shoals.
 17941 | Lair:3   | Found a frozen archway.
 17943 | Lair:3   | Noticed a four-headed hydra
 17948 | Lair:3   | Killed a four-headed hydra
 17993 | IceCv    | Entered an ice cave
 18121 | IceCv    | Received a gift from Sif Muna
 18128 | IceCv    | Learned a level 4 spell: Fulminant Prism
 18196 | IceCv    | Reached skill level 16 in Spellcasting
 19025 | IceCv    | Found an ancient bone altar of Kikubaaqudgha.
 19296 | Lair:3   | Noticed a five-headed hydra
 19465 | Lair:3   | Noticed a death yak
 19537 | Lair:3   | Noticed a death yak
 19539 | Lair:3   | Noticed a death yak
 19540 | Lair:3   | Noticed a death yak
 19541 | Lair:3   | Noticed a death yak
 19543 | Lair:3   | Killed a death yak
 19543 | Lair:3   | Reached XP level 13. HP: 66/66 MP: 16/35
 19861 | Lair:3   | Found a glowing golden altar of the Shining One.
 20449 | Lair:5   | Reached skill level 17 in Spellcasting
 20568 | Lair:5   | Reached skill level 5 in Necromancy
 21075 | Lair:5   | Received a gift from Sif Muna
 21076 | Lair:5   | Identified Sif Muna's Handbook of Necromancy and Conjuration (Sif Muna gifted it to you on level 5 of the Lair of Beasts)
 21082 | Lair:5   | Learned a level 4 spell: Sticky Flame
 21516 | Lair:4   | Reached skill level 1 in Shields
 22498 | Lair:4   | Reached skill level 1 in Fire Magic
 22556 | Lair:4   | Reached skill level 18 in Spellcasting
 22706 | Lair:4   | Found a hole to the Spider Nest.
 22902 | Lair:4   | Gained mutation: You evolve. [potion of mutation]
 22902 | Lair:4   | Gained mutation: You have a pair of small antennae on your head. [potion of mutation]
 22902 | Lair:4   | Gained mutation: You are resistant to hostile enchantments. (MR+) [potion of mutation]
 22903 | Lair:4   | Gained mutation: You are agile. (Dex +2) [potion of beneficial mutation]
 23015 | Lair:4   | Reached skill level 1 in Translocations
 23315 | Lair:4   | Reached XP level 14. HP: 72/72 MP: 27/38
 23568 | Lair:6   | Entered Level 6 of the Lair of Beasts
 23699 | Lair:6   | Found a viscous altar of Jiyva.
 23699 | Lair:6   | Found a staircase to the Slime Pits.
 23735 | Lair:6   | Reached skill level 1 in Invocations
 24386 | Lair:6   | Got an ancient platinum amulet
 24387 | Lair:6   | Identified the amulet of Titivipe {Harm *Drain +Blink rPois} (You found it on level 6 of the Lair of Beasts)
 24743 | Lair:6   | Received a gift from Sif Muna
 24747 | Lair:6   | Identified Sif Muna's Almanac of Feathery Confrontation (Sif Muna gifted it to you on level 6 of the Lair of Beasts)
 24757 | Lair:6   | Learned a level 5 spell: Bolt of Draining
 26584 | Lair:6   | Reached skill level 19 in Spellcasting
 26863 | Lair:6   | Reached skill level 10 in Hexes
 27199 | Lair:4   | Lost mutation: You evolve. [end of evolution]
 27370 | D:11     | Found a staircase to the Orcish Mines.
 27458 | Orc:1    | Entered Level 1 of the Orcish Mines
 27475 | Orc:1    | Received a gift from Sif Muna
 27476 | Orc:1    | Identified Sif Muna's Almanac of Displaced Shape Shifting (Sif Muna gifted it to you on level 1 of the Orcish Mines)
 27988 | Orc:2    | Entered Level 2 of the Orcish Mines
 28569 | Orc:2    | Found a staircase to the Elven Halls.
 29146 | Orc:2    | Noticed an orc warlord
 29322 | Orc:1    | Killed an orc warlord
 30222 | Orc:2    | Reached XP level 15. HP: 76/76 MP: 31/40
 30797 | Orc:2    | Found Zezxasum's Antique Armour Shop.
 30798 | Orc:2    | Found Fuseusoa's Antique Weapon Shop.
 30799 | Orc:2    | Found Etiem's General Store.
 30799 | Orc:2    | Found Misethric's Jewellery Boutique.
 30804 | Orc:2    | Bought a scroll of magic mapping for 59 gold pieces
 30931 | Orc:2    | Received a gift from Sif Muna
 30952 | Orc:2    | Learned a level 6 spell: Deflect Missiles
 31518 | Orc:1    | Found Nuesiet's Distillery.
 31703 | Orc:2    | Bought a +5 ring of evasion for 880 gold pieces
 32232 | Shoals:1 | Entered Level 1 of the Shoals
 32232 | Shoals:1 | Noticed Donald
 32293 | Shoals:1 | Killed Donald
 32868 | Shoals:1 | Reached skill level 5 in Translocations
 32868 | Shoals:1 | Reached skill level 5 in Fire Magic
 33126 | Shoals:1 | Reached skill level 5 in Invocations
 33162 | Shoals:1 | Found Dises's Antique Armour Shoppe.
 33173 | Shoals:1 | Reached skill level 20 in Spellcasting
 33222 | Shoals:1 | Received a gift from Sif Muna
 33227 | Shoals:1 | Learned a level 2 spell: Shroud of Golubria
 33257 | Shoals:1 | Found Oluetzur's Antique Weapon Emporium.
 34386 | D:4      | Bought 2 potions of magic for 160 gold pieces
 34918 | Shoals:2 | Reached skill level 15 in Conjurations
 35363 | Shoals:2 | Noticed a kraken
 35393 | Shoals:2 | Killed a kraken
 35903 | Shoals:3 | Upgraded the game from 0.19-a0-1065-gdac414d to 0.19-a0-1068-g99dd0f4
 36109 | Shoals:3 | Reached XP level 16. HP: 72/80 MP: 30/42
 36121 | Shoals:3 | Reached skill level 1 in Air Magic
 36218 | Shoals:3 | Reached skill level 1 in Evocations
 36623 | Shoals:3 | Noticed a kraken
 36632 | Shoals:3 | Killed a kraken
 36792 | Shoals:3 | Noticed a kraken
 36926 | Shoals:3 | Killed a kraken
 37069 | Shoals:3 | Reached skill level 21 in Spellcasting
 37180 | Shoals:3 | Received a gift from Sif Muna
 37181 | Shoals:3 | Identified Sif Muna's Intricacies of Witchery (Sif Muna gifted it to you on level 3 of the Shoals)
 38022 | Shoals:3 | Noticed Polyphemus
 38073 | Shoals:3 | Got a crystal hunting sling
 38074 | Shoals:3 | Identified the +9 hunting sling "Houth" {flame, Str+4 Stlth+} (You found it on level 3 of the Shoals)
 38185 | Shoals:3 | HP: 2/80 [merfolk/trident (4)]
 38705 | Elf:1    | Entered Level 1 of the Elven Halls
 39160 | Orc:2    | Bought a glowing robe for 22 gold pieces
 39181 | Orc:2    | Bought a spiked ring mail for 288 gold pieces
 39181 | Orc:2    | Identified the +1 ring mail of the Stars {MR+} (You bought it in a shop on level 2 of the Orcish Mines)
 39191 | Orc:2    | Bought a +5 dagger of protection for 499 gold pieces
 39193 | Orc:2    | Bought a book of Callings for 510 gold pieces
 39199 | Orc:2    | Learned a level 4 spell: Summon Lightning Spire
 39338 | Elf:1    | Reached skill level 1 in Summonings
 39444 | Elf:1    | Identified the Tome of the Entourage (You found it on level 1 of the Elven Halls)
 39903 | Elf:1    | Found Jerats's Antique Armour Shoppe.
 39911 | Elf:1    | Bought a runed robe for 17 gold pieces
 40411 | Elf:1    | Reached skill level 5 in Summonings
 40650 | Spider:1 | Entered Level 1 of the Spider Nest
 40773 | Spider:1 | Received a gift from Sif Muna
 41025 | Spider:1 | Identified Sif Muna's Disquisition on Calling (Sif Muna gifted it to you on level 1 of the Spider Nest)
 41435 | Spider:1 | Reached XP level 17. HP: 84/84 MP: 31/44
 42942 | D:3      | Killed Shenda's ghost
 43326 | D:12     | Noticed Harold
 43330 | D:12     | Killed Harold
 43426 | D:12     | Found a burning altar of Makhleb.
 43640 | D:12     | Found a sacrificial altar of Ru.
 43648 | D:12     | Found Xausiytt's Distillery.
 43656 | D:12     | Noticed Nergalle
 43665 | D:12     | Killed Nergalle
 43960 | D:12     | Noticed Nessos
 43963 | D:12     | Killed Nessos
 44213 | D:13     | Reached skill level 22 in Spellcasting
 44332 | D:13     | Found Xetuol's Gadget Shoppe.
 44360 | D:13     | Found Baegryuh's Weapon Emporium.
 44396 | D:13     | Received a gift from Sif Muna
 44400 | D:13     | Learned a level 1 spell: Animate Skeleton
 45135 | D:14     | Found a gate to the Vaults.
 46518 | Elf:2    | Noticed Asterion
 46852 | Elf:2    | Found a runed gate.
 46852 | Elf:2    | Found a runed gate.
 46852 | Elf:2    | Found a runed gate.
 47322 | Elf:2    | Noticed Roxanne
 47377 | Elf:2    | Killed Roxanne
 47511 | Elf:2    | Received a gift from Sif Muna
 47512 | Elf:2    | Identified Ahilleru's Almanac of Attacks (Sif Muna gifted it to you on level 2 of the Elven Halls)
 48842 | Spider:2 | Noticed Jorgrun
 48848 | Spider:2 | Killed Jorgrun
 48881 | Spider:2 | Reached XP level 18. HP: 53/91 MP: 28/46
 49248 | Spider:2 | Reached skill level 23 in Spellcasting
 49689 | Spider:2 | Received a gift from Sif Muna
 49696 | Spider:2 | Learned a level 4 spell: Force Lance
 49851 | Spider:3 | Noticed Agnes
 49855 | Spider:3 | Killed Agnes
 49919 | Spider:3 | Reached skill level 15 in Charms
 50784 | Shoals:1 | Bought a fine war axe for 280 gold pieces
 50784 | Shoals:1 | Identified the +11 war axe "Kadov" {freeze, Str+3} (You bought it in a shop on level 1 of the Shoals)
 50919 | Shoals:3 | Killed Polyphemus
 51132 | Shoals:4 | Entered Level 4 of the Shoals
 51132 | Shoals:4 | Found Eqoats's Armour Boutique.
 51236 | Shoals:4 | Found Laypnat's Weapon Shoppe.
 51280 | Shoals:4 | Found Pacaqo's Armour Shoppe.
 51297 | Shoals:4 | Bought a +2 robe of resistance for 754 gold pieces
 51386 | Shoals:4 | Found Loffaewi's Distillery.
 52059 | Shoals:4 | Found a gateway to a bazaar.
 52198 | Shoals:4 | Got a barnacled rune of Zot
 52233 | Shoals:4 | Received a gift from Sif Muna
 52234 | Shoals:4 | Identified Sif Muna's Reference Book on Conjuration and Sinister Rituals (Sif Muna gifted it to you on level 4 of the Shoals)
 52448 | Shoals:4 | Noticed Ilsuiw
 52460 | Shoals:4 | Killed Ilsuiw
 53374 | D:13     | Reached skill level 10 in Necromancy
 53390 | Vaults:1 | Entered Level 1 of the Vaults
 53765 | Vaults:1 | Reached skill level 24 in Spellcasting
 53793 | Vaults:1 | Reached XP level 19. HP: 95/95 MP: 0/49
 54021 | Vaults:1 | Upgraded the game from 0.19-a0-1068-g99dd0f4 to 0.19-a0-1071-g4ed3155
 54500 | Vaults:1 | Identified the +6 long sword of the Lonely Mice {slice, rElec rN+ Int-3 Dex+4} (You took it off a centaur warrior on level 1 of the Vaults)
 54606 | Vaults:1 | Upgraded the game from 0.19-a0-1071-g4ed3155 to 0.19-a0-1091-g463c9de
 54630 | Vaults:1 | Received a gift from Sif Muna
 54634 | Vaults:1 | Identified Sif Muna's Disquisition on the Compass and Bewitchment (Sif Muna gifted it to you on level 1 of the Vaults)
 54806 | D:14     | Gained mutation: You possess an exceptional clarity of mind. [potion of beneficial mutation]
 54807 | D:14     | Gained mutation: You are partially covered in yellow scales. (AC +2) [potion of beneficial mutation]
 57106 | Vaults:2 | Received a gift from Sif Muna
 57108 | Vaults:2 | Identified Sif Muna's Disquisition on Ice and Stones (Sif Muna gifted it to you on level 2 of the Vaults)
 57282 | Vaults:2 | Found Exatusch's Book Boutique.
 58235 | Spider:3 | Reached skill level 25 in Spellcasting
 59005 | Spider:4 | Entered Level 4 of the Spider Nest
 59828 | Spider:4 | Reached XP level 20. HP: 96/100 MP: 41/51
 60122 | Spider:4 | Reached skill level 1 in Slings
 60330 | Spider:4 | Noticed Arachne
 60345 | Spider:4 | Killed Arachne
 60659 | Spider:4 | Upgraded the game from 0.19-a0-1091-g463c9de to 0.19-a0-1097-g38e3b35
 60882 | Spider:4 | Received a gift from Sif Muna
 60883 | Spider:4 | Identified Sif Muna's Guide on Dusty Black Magic (Sif Muna gifted it to you on level 4 of the Spider Nest)
 60890 | Spider:4 | Learned a level 5 spell: Cigotuvi's Embrace
 62782 | Spider:4 | Reached skill level 10 in Dodging
 63175 | Spider:4 | Got a gossamer rune of Zot
 64438 | Vaults:3 | Reached ****** piety under Sif Muna
 64442 | Vaults:3 | Received a gift from Sif Muna
 64490 | Vaults:3 | Learned a level 3 spell: Mephitic Cloud
 64603 | Vaults:3 | Noticed Saint Roka
 65209 | Shoals:3 | Reached skill level 26 in Spellcasting
 65274 | Bazaar   | Entered a bazaar
 65278 | Bazaar   | Found Gycuggus's Assorted Antiques.
 65296 | Bazaar   | Found Cyxyzuri's Antique Armour Emporium.
 65314 | Bazaar   | Found Hasmipui's Book Boutique.
 65331 | Bazaar   | Found Zusar's Antique Armour Shoppe.
 65336 | Bazaar   | Bought a pair of runed boots for 81 gold pieces
 65346 | Bazaar   | Identified a +0 pair of boots of running (You bought it in a shop in a bazaar)
 65358 | Bazaar   | Upgraded the game from 0.19-a0-1097-g38e3b35 to 0.19-a0-1107-gc676ff4
 65740 | Vaults:3 | Killed Saint Roka
 66009 | Vaults:3 | Reached XP level 21. HP: 95/105 MP: 9/53
 66438 | Vaults:3 | Received a gift from Sif Muna
 66439 | Vaults:3 | Identified Diyrph's Guide on Companions and Flight (Sif Muna gifted it to you on level 3 of the Vaults)
 66452 | Vaults:3 | Identified the +0 pair of gloves of Fashionability {rN+ Int+2} (You found it on level 3 of the Vaults)
 66797 | Vaults:3 | Found a staircase to the Crypt.
 66797 | Vaults:3 | Found an ancient bone altar of Kikubaaqudgha.
 66798 | Vaults:3 | Found a basalt altar of Yredelemnul.
 66887 | Vaults:3 | Upgraded the game from 0.19-a0-1107-gc676ff4 to 0.19-a0-1111-gcceb26a
 66921 | Crypt:1  | Entered Level 1 of the Crypt
 67312 | Shoals:4 | Learned a level 4 spell: Control Undead
 67812 | Crypt:1  | Found an ancient bone altar of Kikubaaqudgha.
 69595 | Crypt:2  | Found a basalt altar of Yredelemnul.
 69931 | Crypt:3  | Entered Level 3 of the Crypt
 70257 | Crypt:3  | Received a gift from Sif Muna
 70258 | Crypt:3  | Identified Sif Muna's Tome of Attacks and the Voyage (Sif Muna gifted it to you on level 3 of the Crypt)
 70276 | Crypt:3  | Found a basalt altar of Yredelemnul.
 70472 | Crypt:3  | Reached skill level 5 in Shields
 70777 | Crypt:3  | Reached skill level 27 in Spellcasting
 71498 | Crypt:3  | Noticed a profane servitor
 71511 | Crypt:3  | Killed a profane servitor
 71557 | Crypt:3  | Got a pitted lapis lazuli ring
 71572 | Crypt:3  | Got a pitted tin ring
 71573 | Crypt:3  | Identified the ring "Vesuvyo" {rElec rN+ MR+ Str+2 Stlth+} (You took it off a vampire mage on level 3 of the Crypt)
 71574 | Crypt:3  | Identified the ring "Wacergh" {rN+ Dex+7 Stlth+} (You found it on level 3 of the Crypt)
 71943 | Crypt:3  | Identified the +9 hand crossbow "Jawiv" {flame, Int+7 Stlth+} (You found it on level 3 of the Crypt)
 71973 | Crypt:3  | Noticed an ancient lich
 71983 | Crypt:3  | Killed an ancient lich
 71983 | Crypt:3  | Reached XP level 22. HP: 110/110 MP: 8/55
 72022 | Crypt:3  | Received a gift from Sif Muna
 72023 | Crypt:3  | Identified Sif Muna's Handbook of Poison and Lightness (Sif Muna gifted it to you on level 3 of the Crypt)
 72117 | Crypt:3  | Found a staircase to the Tomb.
 72430 | Crypt:3  | Reached skill level 10 in Translocations
 72768 | D:15     | Entered Level 15 of the Dungeon
 72917 | D:15     | Found Sox Ceej's Jewellery Shoppe.
 72920 | D:15     | Found Ehiamof's Magic Scroll Shop.
 72947 | D:15     | Bought an uncursed ring of see invisible for 210 gold pieces
 72947 | D:15     | Bought a +6 amulet of reflection for 350 gold pieces
 73015 | D:15     | Bought a scroll of enchant weapon for 120 gold pieces
 73015 | D:15     | Bought a scroll of enchant weapon for 120 gold pieces
 73073 | D:15     | Found Miqahedi's Book Shoppe.
 73078 | D:15     | Found Bannudi's Food Boutique.
 73316 | D:15     | Reached skill level 5 in Slings
 73365 | D:15     | Found a staircase to the Depths.
 73530 | D:15     | Found Cuiqeg's Antique Armour Emporium.
 73534 | D:15     | Bought a glowing shield for 99 gold pieces
 73883 | Depths:1 | Entered Level 1 of the Depths
 73883 | Depths:1 | Noticed Aizul
 74056 | D:15     | Killed Aizul
 74135 | Depths:1 | Found a gateway to a ziggurat.
 74226 | Depths:1 | Found Nirujus's Assorted Antiques.
 74229 | Depths:1 | Noticed Bai Suzhen
 74374 | Depths:1 | Found a gateway to Hell.
 74639 | Depths:1 | Found a one-way gate to the infinite horrors of the Abyss.
 74819 | Depths:1 | Killed Bai Suzhen
 74835 | Depths:1 | Bought a scintillating brass amulet for 195 gold pieces
 74835 | Depths:1 | Bought a clouded marble ring for 195 gold pieces
 74835 | Depths:1 | Identified the amulet of Puf Opi {Faith rElec Int+3} (You bought it in a shop on level 1 of the Depths)
 74836 | Depths:1 | Identified the ring of Mofujyos {rPois Int+4 Slay-3 Stlth-} (You bought it in a shop on level 1 of the Depths)
 75122 | Depths:2 | Received a gift from Sif Muna
 75123 | Depths:2 | Identified Yqoapiga's Guide on Fascination (Sif Muna gifted it to you on level 2 of the Depths)
 75176 | Depths:2 | Identified the +7 spear "Tiagin" {drain, rC++ rN+} (You found it on level 2 of the Depths)
 76093 | Depths:2 | Found a one-way gate leading to the halls of Pandemonium.
 76212 | Depths:2 | Upgraded the game from 0.19-a0-1111-gcceb26a to 0.19-a0-1127-gac58878
 76784 | Depths:3 | Found a corrupted altar of Lugonu.
 77529 | Depths:3 | HP: 1/111 [titan/the air (35)]
 77867 | Depths:3 | Received a gift from Sif Muna
 77867 | Depths:3 | Reached XP level 23. HP: 115/115 MP: 37/56
 77894 | Depths:3 | Learned a level 4 spell: Animate Dead
 78078 | Depths:3 | Upgraded the game from 0.19-a0-1127-gac58878 to 0.19-a0-1170-g18f0c96
 78078 | Depths:3 | Upgraded the game from 0.19-a0-1170-g18f0c96 to 0.19-a0-1193-g2641e52
 78308 | Depths:4 | Slain by a spriggan berserker

Vault maps used:
D:1:      eino_arrival_druids_welcome
D:2:      first_bread
D:4:      grunt_temple_overflow_open, serial_shops, shop
D:5:      gammafunk_temple_overflow_statue
D:6:      marbit_many_paths
D:7:      lemuel_ice_spiral_2, serial_glass, glass_columns_a, glass_columns_a,
          serial_shops, nicolae_shop_statue_plus, uniq_menkaure
D:8:      kennysheep_kobold_camp, serial_co_window_serial, co_window_paths_b,
          co_window_corner_a, co_window_corner_a, co_window_corner_a,
          co_window_corner_a, co_window_broadway_c, co_window_corner_ca,
          co_window_broadway_a, co_window_of_opportunity_b, co_window_paths_c,
          glass_columns_b, glass_columns_c, glass_columns_a, glass_columns_a,
          basic_altar
D:10:     enter_bailey_7
D:11:     lair_0_dummy, erik_orc_2, blue_anna_alchemist
D:12:     serial_shops, shop, basic_altar, bloody_makhleb, uniq_nessos,
          uniq_nergalle, uniq_harold
D:13:     serial_shops, shop, nicolae_shop_crystal
D:14:     david_vaults_3, serial_park_tiny_pond, bh_walls_and_bars
D:15:     hangedman_depths_entry_try_elsewhere_first, serial_shops, shop,
          nicolae_shop_trees, nicolae_shop_crystal, shop_scrolls,
          nicolae_shop_crystal, serial_bayou_pond_c
Temple:   eino_temple_water
Lair:1:   infiniplex_staircase_pool, grunt_megastairs_5, uniq_sonja
Lair:2:   elwin_shoals_entry_rocks
Lair:3:   basic_altar, portal_ice_cave_entry_pillars_1
Lair:4:   nicolae_spider_entry_tight_spaces, grunt_megastairs_3
Lair:5:   infiniplex_staircase_pool_2
Lair:6:   minmay_lair_end_enchanted_forest, dpeg_slime_entry_enclosed_altar,
          serial_bayou_shore_a
Shoals:1: serial_shops, nicolae_shop_stone, nicolae_shop_waterfront, st_cyclops,
          uniq_donald
Shoals:2: nicolae_shoals_loop_pool
Shoals:3: yaktaur_hedge, uniq_polyphemus
Shoals:4: shoals_end_hangedman, shoal_ilsuiw, serial_shops, bzr_firewalk, shop,
          nicolae_shop_trees, nicolae_shop_temple_entry_statues_fountains, shop
Spider:2: minivault_29, uniq_jorgrun
Spider:3: uniq_agnes
Spider:4: spider_rune_water, spider_trap, nicolae_arachne_temple, uniq_arachne
Orc:1:    serial_shops, shop_statue
Orc:2:    st_orc_congregation
Elf:1:    serial_shops, shop, minmay_elf_demonology, spider_trap,
          dk_noncrumbling_2
Elf:2:    uniq_asterion, uniq_roxanne
Vaults:1: v_rooms_5, nicolae_vaults_network_star,
          ontoclasm_vaults_decontamination, nicolae_vaults_stairing_the_circle,
          ontoclasm_vaults_spin, ontoclasm_vaults_eye, vaults_room_pools,
          v_misc_13, vaults_room_fours, v_misc_23
Vaults:2: vaults_room_grid, vaults_mumra_minichess_inversion, vaults_room_pools,
          vaults_room_grunt_arrival_ludios, v_misc_5, grunt_vaults_funnel,
          nicolae_vaults_little_squares_2, vaults_dpeg_hooks,
          vaults_dpeg_encased_lava, serial_shops, shop_fountains
Vaults:3: hangedman_vaults_nodes, ontoclasm_vaults_idyll,
          nicolae_vaults_little_squares_6, v_pattern_4,
          minmay_crypt_entry_necro_gods, vaults_room_boxed,
          hangedman_vaults_pinch, v_misc_8, nicolae_vaults_holding_cells,
          v_misc_19, nicolae_vaults_yaktaur_gun_rack,
          nicolae_vaults_big_angled_halls, nicolae_vaults_mini_display_case,
          uniq_saint_roka
Crypt:1:  basic_altar, skrybe_necro_troll_2, grunt_crypt_arrival_webbed
Crypt:2:  basic_altar
Crypt:3:  grunt_crypt_end_deaths_head
Depths:1: enter_ziggurat_b, hell_entry, abyss_entry_small_statue_room,
          serial_bayou_pond_e, serial_shops, shop, glass_columns_a,
          grunt_ministairs_4, evilmike_butchery, firewood_loft, uniq_bai_suzhen,
          uniq_aizul
Depths:2: kennysheep_scales, nicolae_lava_and_water, hangedman_geh_valley,
          grunt_pan_entry_sceptre, infiniplex_staircase_trident
Depths:3: grunt_house_of_mirrors, grunt_pan_entry_in_and_out,
          grunt_hell_entry_dis_old, abyss_entry_flame_altar
Depths:4: minmay_strange_plus, minmay_misc_feat_cross, pan_entry, hell_entry,
          abyss_entry
Bazaar:   bazaar_jpeg_circle_common
Bailey:   bailey_axe_4, bailey
IceCv:    ice_cave_small_necro

Skill      XL: |  1  2  3  4  5  6  7  8  9 10 11 12 13 14 15 16 17 18 19 20 21 22 23 |
---------------+----------------------------------------------------------------------+-----
Conjurations   | 5 6 7 8 10 11 12 13 14 15 16 17 18 19 20 21 | 21.0
Spellcasting   | 4 5 7 9 11 13 14 16 18 19 20 21 22 24 25 26 27 | 27.0
Charms         | 5 6 7 8 10 11 12 13 14 15 16 17 | 17.0
Dodging        | 3 4 5 6 7 8 9 10 11 12 | 12.0
Stealth        | 3 4 5 6 7 9 |  9.3
Fighting       | 1 2 3 |  3.2
Short Blades   | 1 2 3 |  3.3
Hexes          | 3 5 6 8 9 10 11 12 13 | 13.6
Throwing       | 1 2 |  2.2
Necromancy     | 4 5 6 8 10 11 12 13 14 | 14.0
Shields        | 1 2 3 4 5 6 |  6.0
Fire Magic     | 1 4 5 7 |  7.9
Translocations | 1 4 6 7 8 9 10 | 10.6
Invocations    | 4 5 |  5.7
Air Magic      | 1 2 3 4 |  4.8
Evocations     | 1 2 |  2.0
Summonings     | 6 7 |  7.5
Slings         | 3 4 6 |  6.0

Action                   |  1- 3 |  4- 6 |  7- 9 | 10-12 | 13-15 | 16-18 | 19-21 | 22-24 || total
-------------------------+-------+-------+-------+-------+-------+-------+-------+-------++-------
Melee: Unarmed           |     2 |       |       |       |       |       |       |       ||     2
       Short sword       |     1 |       |    47 |    74 |       |       |       |       ||   122
       Dagger            |       |     3 |       |    45 |    10 |   171 |   160 |    98 ||   487
       Flail             |       |       |       |       |     1 |       |       |       ||     1
       Rapier            |       |       |       |       |    57 |       |       |       ||    57
 Fire: Blowgun           |       |       |     1 |    12 |     4 |     4 |       |       ||    21
       Hunting sling     |       |       |       |       |       |   200 |   419 |   205 ||   824
Throw: Tomahawk          |       |       |       |     4 |    10 |     3 |       |       ||    17
 Cast: Magic Dart        |    90 |   172 |   209 |   406 |   647 |   367 |   284 |   106 ||  2281
       Dazzling Spray    |     1 |     2 |    17 |   140 |   212 |   218 |   134 |    27 ||   751
       Iskenderun's Batt |       |     1 |    36 |   110 |   241 |   228 |   195 |    60 ||   871
       Iskenderun's Myst |       |       |     9 |    22 |   103 |    92 |    97 |    30 ||   353
       Repel Missiles    |       |       |       |     1 |     4 |       |       |       ||     5
       Fireball          |       |       |       |    18 |    12 |       |    10 |     5 ||    45
       Swiftness         |       |       |       |     3 |    12 |    17 |     3 |       ||    35
       Sticky Flame      |       |       |       |       |     7 |    45 |    56 |     9 ||   117
       Bolt of Draining  |       |       |       |       |    68 |   330 |   277 |   118 ||   793
       Apportation       |       |       |       |       |     4 |       |       |       ||     4
       Regeneration      |       |       |       |       |     5 |    29 |    11 |     3 ||    48
       Deflect Missiles  |       |       |       |       |     4 |     7 |     2 |     1 ||    14
       Shroud of Golubri |       |       |       |       |     3 |    38 |    14 |     5 ||    60
       Animate Skeleton  |       |       |       |       |       |    69 |   133 |    61 ||   263
       Force Lance       |       |       |       |       |       |    32 |   300 |    72 ||   404
       Summon Lightning  |       |       |       |       |       |     5 |    44 |    10 ||    59
       Mephitic Cloud    |       |       |       |       |       |       |     7 |    14 ||    21
       Control Undead    |       |       |       |       |       |       |    41 |     7 ||    48
       Animate Dead      |       |       |       |       |       |       |       |     2 ||     2
Invok: Divine Energy     |       |       |     1 |       |       |       |       |       ||     1
       Channel Magic     |       |       |       |       |     3 |     3 |     7 |     1 ||    14
       Forget Spell      |       |       |       |       |     1 |       |       |     1 ||     2
Evoke: Rod               |       |       |       |     2 |       |       |       |       ||     2
       Wand              |       |       |       |       |     7 |     3 |     6 |     4 ||    20
       Sack of spiders   |       |       |       |       |       |       |     1 |       ||     1
       Lamp of fire      |       |       |       |       |       |       |       |     1 ||     1
  Use: Scroll            |       |     5 |    12 |     6 |    13 |    17 |    15 |    12 ||    80
       Potion            |       |       |     2 |     3 |    10 |     9 |     4 |     1 ||    29
 Stab: Invisible         |       |       |     1 |     2 |     3 |     4 |     3 |     1 ||    14
       Sleeping          |       |       |     1 |     8 |       |     9 |    10 |    15 ||    43
       Distracted        |       |       |       |       |     1 |     3 |     3 |     3 ||    10
       Held in net/web   |       |       |       |       |       |     1 |       |       ||     1
       Paralysed         |       |       |       |       |       |       |     1 |       ||     1
       Confused          |       |       |       |       |       |       |       |     3 ||     3
  Eat: Chunk             |     2 |    11 |    21 |    32 |    51 |    45 |    45 |    21 ||   228
       Beef jerky        |       |       |     1 |     1 |       |       |       |       ||     2
       Fruit             |       |       |     2 |       |       |     4 |     5 |     1 ||    12
       Pizza             |       |       |       |     1 |     1 |       |     1 |       ||     3
       Bread ration      |       |       |       |       |       |     1 |     2 |       ||     3
       Meat ration       |       |       |       |       |       |     1 |       |       ||     1
Armor: Robe              |     2 |    14 |     8 |    24 |    35 |    69 |    72 |     5 ||   229
Dodge: Dodged            |     8 |    40 |    34 |   125 |   152 |   444 |   402 |   112 ||  1317
       Deflected         |       |       |       |     1 |    40 |    65 |    35 |    22 ||   163
Block: Large shield      |       |       |       |       |    78 |       |   117 |     7 ||   202
       Shield            |       |       |       |       |    55 |   234 |   158 |   106 ||   553
       Reflection        |       |       |       |       |    16 |    59 |    26 |    32 ||   133
